 Dungeon Crawl Stone Soup version 0.32-a0-814-g0968bab981 (webtiles) character file.

Game seed: 15375900736189899843

86 smashvw the Grave Robber (level 4, -2/21 HPs)
             Began as a Deep Elf Necromancer on Mar 23, 2024.
             Succumbed to Robin's poison
             ... on level 3 of the Dungeon.
             The game lasted 00:06:58 (2726 turns).

smashvw the Grave Robber (Deep Elf Necromancer)     Turns: 2726, Time: 00:06:59

Health: -2/21      AC:  2    Str:  6 (7)  XL:     4   Next: 26%
Magic:  1/11       EV: 12    Int: 18 (20) God:
Gold:   96         SH:  0    Dex: 14 (15) Spells: 6/10 levels left

rFire   . . .        i - +0 dagger
rCold   + . .        (no shield)
rNeg    . . .        c - +0 robe {rC+}
rPois   .            (no helmet)
rElec   .            (no cloak)
rCorr   .            (no gloves)
SInv    .            (no boots)
Will    .....        (no amulet)
Stlth   ++           (no ring)
HPRegen 0.23/turn    (no ring)
MPRegen 0.12/turn

%: no passive effects
@: lethally poisoned (-2 -> -14)
A: frail 1
a: no special abilities


You were on level 3 of the Dungeon.
You visited 1 branch of the dungeon, and saw 3 of its levels.

You collected 96 gold pieces.

Inventory:

Hand Weapons
 i - a +0 dagger (weapon)
 n - a +0 dagger of speed
Armour
 c - a +0 robe of cold resistance (worn)
Jewellery
 k - a ring of poison resistance
Scrolls
 d - a scroll of fear {unknown}
 e - a scroll of identify {unknown}
 f - a scroll of teleportation {unknown}
 g - a scroll of butterflies {unknown}
 j - a scroll of acquirement {unknown}
 m - a scroll of torment {unknown}
Potions
 a - a potion of degeneration
 b - a potion of magic


   Skills:
 + Level 0.6 Fighting
 + Level 3.4 Dodging
 + Level 3.5 Stealth
 + Level 3.9 Spellcasting
 + Level 5.4 Necromancy


You had 6 spell levels left.
You knew the following spells:

 Your Spells              Type           Power      Damage    Failure   Level
a - Necrotise             Necr           88%        1d8       1%          1
b - Vampiric Draining     Necr           22%        2d7       4%          3

Your spell library contained the following spells:

 Spells                   Type           Power      Damage    Failure   Level
 Animate Dead             Necr           22%        N/A       16%         4
 Curse of Agony           Necr           22%        N/A       41%         5


Dungeon Overview and Level Annotations

Branches:
Dungeon (3/15)

Altars:
Hepliaklqana

Annotations:
D:2 1 runed translucent door, Crazy Yiuf


Innate Abilities, Weirdness & Mutations

You are frail. (-10% HP)


Message History

Robin is almost dead.
You feel very sick. Robin barely misses you.
You hit Robin.
Robin is almost dead.
You feel very sick.
Robin hits you with a +0 short sword of venom.
You hit Robin but do no damage.
Robin is almost dead.
* * * LOW HITPOINT WARNING * * *
You feel sick.
Robin hits you with a +0 short sword of venom.
* * * LOW HITPOINT WARNING * * *
You are more poisoned.
Okay, then.
You feel much better.
You feel very sick. Robin closely misses you.
You hit Robin but do no damage.
Robin is almost dead.
You feel very sick.
Robin hits you with a +0 short sword of venom.
You are lethally poisoned!
Okay, then.
Unknown command.
You hit Robin but do no damage.
Robin is almost dead.
You feel very sick. Robin barely misses you.
You hit Robin.
You kill Robin!
* * * LOW HITPOINT WARNING * * *
You feel very sick.
It was a potion of mutation.
You feel extremely strange.
You feel frail.
* * * LOW HITPOINT WARNING * * *
You feel very sick. The hobgoblin barely misses you.
You barely miss the hobgoblin.
You die...

# ###.# ... ######)#
#...g@.# #.#)####
#.#..g.gg.# #.#.#######
#.#.# #.#.# ##############
#.#.####........)....#
#####'#......####...####.#
#......<###..# ##...####.#


You could see a hobgoblin (strong).

Vanquished Creatures
  Robin (D:3)
  An adder (D:2)
  3 endoplasms (D:2)
  4 giant cockroaches
  8 goblins
  7 hobgoblins
  2 jackals (D:2)
  A quokka (D:1)
  5 ball pythons
  7 bats
  10 frilled lizards
  5 kobolds
  5 rats
59 creatures vanquished.

Vanquished Creatures (collateral kills)
  A jackal (D:2)
  A rat (D:1)
2 creatures vanquished.

Grand Total: 61 creatures vanquished

Notes
Turn   | Place    | Note
-------+----------+-------------------------------------------
     0 | D:1      | smashvw the Deep Elf Necromancer began the quest for the
                  | Orb.
     0 | D:1      | Reached XP level 1. HP: 10/10 MP: 6/6
   352 | D:1      | Reached XP level 2. HP: 15/15 MP: 5/8
   354 | D:1      | Reached skill level 5 in Necromancy
  1316 | D:2      | Reached XP level 3. HP: 2/19 MP: 3/10
  1530 | D:2      | Learned a level 3 spell: Vampiric Draining
  1808 | D:2      | Found a runed translucent door.
  1809 | D:2      | Noticed Crazy Yiuf
  2191 | D:3      | Found a hazy altar of Hepliaklqana.
  2694 | D:3      | Reached XP level 4. HP: 24/24 MP: 4/11
  2696 | D:3      | Noticed Robin
  2724 | D:3      | Killed Robin
  2725 | D:3      | Gained mutation: You are frail. (-10% HP) [potion of
                  | mutation]
  2725 | D:3      | HP: 1/21 [poisoned by Robin]
  2726 | D:3      | Succumbed to Robin's poison

Illustrated notes

Levels and vault maps discovered:
D:1:      sevenhm_arrival_forest_fort_small_3, layout_basic
D:2:      layout_basic, uniq_crazy_yiuf_cottage
D:3:      layout_basic, mainiacjoe_overflow_paths, uniq_robin, uniq_ijyb

Skill      XL: |  1  2 |
---------------+-------+-----
Necromancy     | 5 |  5.4
Stealth        | 3 |  3.5
Dodging        | 3 |  3.4
Fighting       | |  0.6
Spellcasting   | |  3.9

Action                     |  1- 3 |  4- 6 || total
---------------------------+-------+-------++-------
  Melee: Unarmed           |     5 |       ||     5
         Dagger            |    62 |    18 ||    80
   Cast: Necrotise         |    42 |     4 ||    46
         Vampiric Draining |    11 |     1 ||    12
    Use: Potion            |       |     4 ||     4
   Stab: Distracted        |     1 |       ||     1
         Sleeping          |     1 |       ||     1
 Armour: Robe              |    56 |    11 ||    67
  Dodge: Dodged            |    62 |    12 ||    74

Table legend: (Time is in decaauts)
 A = Elapsed time spent in this place.
 B = Non-inter-level travel time spent in this place.
 C = Inter-level travel time spent in this place.
 D = Time resting spent in this place.
 E = Time spent auto-exploring this place.
 F = Levels seen in this place.
 G = Mean time per level.
                   A        B        C        D        E       F      G
               +--------+--------+--------+--------+--------+-----+--------+
         Total |   2725 |   2660 |     65 |      0 |   2294 |   3 |  908.3 |
       Dungeon |   2725 |   2660 |     65 |      0 |   2294 |   3 |  908.3 |
               +--------+--------+--------+--------+--------+-----+--------+

Top non-repeatable levels by time:
     D:1: 1147 daAuts
     D:2: 965 daAuts
     D:3: 612 daAuts
